Map: Heavy Artillery LE

Players

Квирк

  • Race: Zerg Zerg
  • Spawn Location: 7:00

Finarfin

  • Race: Terran Terran
  • Spawn Location: 7:00

qqq

  • Race: Zerg Zerg
  • Spawn Location: 3:00

Massa

  • Race: Terran Terran
  • League: Platinum
  • Spawn Location: 1:00

VOD

Have the link to the VOD?

Description

Time

  • Played on: Oct. 4, 2020, 10:44 a.m.
  • Length: 19:39
Show
View Real Time Build Order
Export as new Build Order

Квирк Zerg 

Build Orders: Pool First 

Get SALT Encoding   

  12  0:00  Drone  
  13  0:08  Drone  
  13  0:13  Extractor  
  13  0:16  Drone  
  15  0:22  Overlord  
  15  0:39  Spawning Pool  
  15  0:41  Drone  
  15  0:45  Drone  
  15  0:48  Extractor  
  15  0:51  Drone  
  16  0:58  Overlord  
  16  1:27  Zergling x6  
  19  1:45  Hatchery  
  18  1:50  Baneling Nest  
  17  1:57  Drone x2  
  17  2:00  Drone  
  20  2:10  Queen  
  20  2:15  Drone  
  22  2:33  Metabolic Boost  
  21  2:41  Zergling x4  
  23  2:46  Queen  
  25  2:57  Queen  
  27  2:59  Zergling x4  
  28  3:13  Zergling x6  
  28  3:15  Baneling x2  
  30  3:26  Zergling x6  
  28  3:50  Drone, Overlord x2  
  28  3:51  Drone x2  
  28  3:52  Drone  
  32  4:10  Drone x2  
  32  4:13  Overlord x2  
  33  4:55  Lair  
  33  4:56  Drone  
  33  4:57  Drone x6, Roach Warren  
  39  5:21  Drone x6  
  40  5:24  Extractor  
  40  5:26  Extractor  
  40  5:27  Spine Crawler  
  42  5:29  Spore Crawler  
  42  5:31  Drone  
  42  5:34  Extractor  
  41  5:37  Roach  
  43  6:00  Drone x2  
  43  6:02  Drone x5  
  50  6:16  Drone  
  51  6:18  Drone  
  51  6:19  Drone x3  
  55  6:35  Hydralisk Den  
  55  6:39  Drone x3, Overlord  
  57  6:40  Queen  
  57  6:46  Spore Crawler  
  58  6:47  Spore Crawler  
  58  6:49  Spine Crawler  
  58  6:53  Spine Crawler  
  55  6:55  Drone  
  56  7:09  Drone  
  56  7:10  Drone x2  
  59  7:16  Queen  
  59  7:18  Hydralisk  
  59  7:21  Overlord  
  63  7:24  Roach  
  63  7:28  Hatchery  
  64  7:33  Evolution Chamber  
  64  7:34  Grooved Spines  
  64  7:35  Glial Reconstitution  
  64  7:36  Evolution Chamber  
  62  7:49  Centrifical Hooks  
  62  7:51  Queen, Zergling x10  
  63  7:54  Overlord  
  69  8:11  Zergling x2  
  69  8:12  Zergling x16  
  76  8:45  Drone x8  
  76  8:48  Drone  
  85  8:51  Zerg Missile Weapons Level 1  
  85  8:52  Zerg Ground Armor Level 1  
  85  8:53  Overlord, Muscular Augments  
  85  8:54  Overlord  
  80  9:13  Hydralisk x7  
  94  9:28  Hydralisk x5  
  104  9:43  Drone  
  104  9:44  Drone x4  
  104  9:45  Queen  
  111  9:58  Queen  
  113  10:25  Overlord x3  
  113  10:26  Overlord x7  
  113  10:27  Overlord x3  
  113  10:43  Hydralisk x6  
  122  11:04  Hydralisk  
  122  11:05  Hydralisk x7  
  138  11:14  Zergling x2  
  138  11:15  Baneling  
  138  11:16  Baneling x17  
  138  11:17  Baneling  
  139  11:26  Zerg Missile Weapons Level 2  
  139  11:28  Hydralisk x5  
  139  11:29  Hydralisk  
  151  11:46  Hydralisk  
  146  11:47  Hydralisk x6  
  146  11:51  Roach  
  146  11:52  Roach  
  138  12:45  Hydralisk  
  138  12:46  Hydralisk x14  
  168  13:02  Zergling x2  
  168  13:03  Zergling x4  
  171  13:09  Extractor  
  171  13:10  Drone x4  
  171  13:11  Drone, Extractor  
  174  13:25  Hatchery  
  159  13:42  Zerg Ground Armor Level 2  
  159  13:44  Hydralisk  
  159  13:45  Hydralisk x12  
  184  13:49  Baneling x2  
  184  13:50  Baneling, Zergling x2  
  182  14:39  Hydralisk  
  182  14:41  Roach x6  
  182  14:42  Zergling x4, Roach  
  200  15:19  Extractor  
  199  15:26  Extractor  
  199  15:27  Roach x4  
  185  16:22  Baneling  
  185  16:23  Baneling x3  
  185  16:24  Zergling x4  
  185  16:25  Zergling x14  
  193  16:26  Zergling x4  
  109  17:19  Hydralisk x4  
  109  17:20  Hydralisk x5  
  127  17:31  Hydralisk x3  
  127  17:35  Drone x3  
  134  17:54  Zergling x14  
  141  18:01  Infestation Pit  
  141  18:03  Tunneling Claws  
  140  18:05  Burrow  
  140  18:31  Hatchery  
  138  18:40  Zergling x2  
  138  18:41  Zergling x32  
  141  18:53  Zergling x16  
  141  18:54  Zergling x6  
  107  19:11  Zergling x2  
  107  19:12  Zergling x14  
Show
View Real Time Build Order
Export as new Build Order

Finarfin Terran 

Build Orders: Gas First Reaper Expand 

Get SALT Encoding   

  12  0:01  SCV  
  13  0:17  Supply Depot  
  13  0:18  SCV  
  14  0:29  Refinery  
  15  0:41  Barracks  
  14  0:43  SCV  
  15  0:55  SCV  
  16  1:08  SCV  
  17  1:12  Refinery  
  17  1:20  SCV  
  18  1:29  Reaper  
  19  1:39  Orbital Command  
  19  1:54  Command Center  
  19  2:08  Factory  
  19  2:09  Barracks Tech Lab  
  19  2:21  SCV  
  20  2:43  SCV  
  21  2:55  SCV  
  22  3:01  Factory Tech Lab  
  22  3:03  Marine  
  22  3:07  SCV  
  22  3:12  Orbital Command  
  23  3:19  SCV  
  23  3:21  Marine  
  21  3:36  Hellion  
  21  3:38  Marine  
  24  3:47  SCV x2  
  26  3:55  Starport  
  26  3:57  Hellion  
  26  3:59  SCV x2, Supply Depot  
  30  4:05  Combat Shield  
  30  4:06  Marine  
  31  4:13  SCV, Barracks  
  31  4:14  SCV  
  33  4:24  Marine  
  33  4:25  Refinery  
  33  4:26  SCV x2  
  33  4:30  Engineering Bay  
  36  4:34  Hellion  
  36  4:36  Starport Reactor  
  36  4:37  Starport Tech Lab  
  36  4:38  SCV x2  
  40  4:42  Marine  
  41  4:49  Supply Depot  
  41  4:50  SCV x2  
  43  4:56  Hellion  
  43  4:57  Terran Infantry Weapons Level 1  
  45  5:00  Marine  
  45  5:04  Barracks Reactor  
  46  5:11  Armory  
  46  5:13  Fusion Core  
  46  5:18  Marine  
  47  5:23  Hellion  
  47  5:27  Command Center, Stimpack  
  49  5:31  SCV x2  
  51  5:35  Marine  
  51  5:37  Missile Turret  
  52  5:45  Hellion  
  54  6:01  Supply Depot  
  54  6:04  Supply Depot  
  54  6:12  Terran Vehicle And Ship Armor Level 1, SCV x2, Marine x3  
  54  6:16  Medivac  
  61  6:24  SCV x2  
  63  6:30  Refinery  
  63  6:36  SCV x2  
  65  6:46  Medivac  
  67  6:48  SCV x2  
  67  6:52  Orbital Command  
  69  6:58  Refinery  
  69  7:07  SCV  
  70  7:11  Marine  
  70  7:12  Marine x2  
  73  7:15  Medivac  
  73  7:17  Supply Depot  
  73  7:18  Supply Depot  
  73  7:19  SCV  
  73  7:21  Terran Infantry Armor Level 1, Supply Depot  
  73  7:22  Missile Turret  
  76  7:23  Supply Depot  
  76  7:26  Missile Turret  
  76  7:28  Weapon Refit  
  76  7:29  Marine, Missile Turret  
  77  7:30  Marine x2  
  79  7:38  Barracks  
  79  7:39  Starport, Barracks  
  79  7:43  Refinery  
  79  7:45  Medivac  
  79  7:47  Marine  
  79  7:48  Marine x2  
  84  8:01  Siege Tank  
  84  8:05  Marine x3  
  88  8:08  SCV  
  88  8:09  SCV x2  
  93  8:19  Supply Depot  
  93  8:20  SCV  
  93  8:21  SCV x2  
  93  8:23  Starport Tech Lab, Marine  
  93  8:25  Medivac  
  101  8:32  SCV  
  101  8:33  SCV x2, Siege Tank, Barracks Tech Lab  
  108  8:40  Barracks Reactor  
  105  8:41  Barracks Reactor  
  105  8:42  Marine  
  105  8:43  Marine x2  
  105  8:44  SCV  
  105  8:45  SCV x2  
  105  8:46  Medivac  
  113  8:55  Medivac  
  115  9:00  Marine x3  
  118  9:05  Siege Tank  
  121  9:18  Marine x3  
  118  9:36  Marine x3  
  118  9:37  Siege Tank  
  124  9:54  Marine  
  125  10:09  Siege Tank  
  128  10:17  Supply Depot  
  128  10:18  Supply Depot x2  
  128  10:22  SCV x3  
  131  10:39  Battlecruiser  
  131  10:40  Supply Depot, Battlecruiser  
  131  10:42  Siege Tank, Supply Depot  
  146  10:44  Supply Depot  
  126  11:14  Siege Tank  
  123  11:35  Command Center  
  123  11:36  Refinery, Missile Turret  
  123  11:37  Missile Turret  
  123  11:38  Missile Turret  
  123  11:39  Missile Turret x2  
  121  11:43  Battlecruiser  
  121  11:44  Battlecruiser  
  133  11:57  Refinery, Command Center  
  133  12:02  Thor  
  133  12:05  Marine  
  133  12:06  Marine x6  
  146  12:23  Marine  
  146  12:24  Marine x6  
  152  12:41  Marine x5  
  157  12:45  Thor  
  157  12:47  Battlecruiser  
  169  12:52  Refinery  
  169  12:53  Missile Turret x2  
  169  12:57  SCV  
  169  12:58  SCV  
  171  13:02  Planetary Fortress  
  171  13:09  SCV  
  171  13:10  SCV  
  173  13:16  Missile Turret x2  
  173  13:22  SCV x2  
  175  13:28  Thor  
  175  13:34  SCV x2  
  183  13:36  Sensor Tower  
  168  14:10  Thor  
  166  14:28  Battlecruiser x2  
  172  14:44  Orbital Command  
  172  14:53  Thor  
  178  15:10  Command Center  
  178  15:17  Refinery  
  178  15:19  Command Center  
  178  15:22  Missile Turret  
  178  15:23  Refinery, Missile Turret  
  178  15:25  Missile Turret  
  178  15:27  Refinery  
  178  15:33  Terran Infantry Weapons Level 2  
  178  15:34  Factory  
  178  15:35  Factory, Terran Vehicle Weapons Level 1  
  178  15:37  Supply Depot  
  178  15:38  Supply Depot  
  178  15:42  Rapid Reignition System  
  178  15:44  Medivac  
  180  15:59  Battlecruiser  
  186  16:11  Thor  
  186  16:14  Medivac  
  192  16:44  Medivac  
  148  17:03  Medivac  
  148  17:05  Marine x5  
  148  17:06  Marine x2  
  148  17:14  Battlecruiser  
  147  17:23  Marine x7  
  147  17:27  Factory Tech Lab x2  
  154  17:33  Battlecruiser  
  154  17:34  Planetary Fortress  
  160  17:37  Planetary Fortress  
  160  17:41  Marine x7  
  167  17:48  SCV x3  
  170  17:57  Armory  
  170  17:58  Marine  
  170  17:59  Marine x6  
  170  18:00  SCV x3, Engineering Bay  
  177  18:12  SCV x3  
  162  18:17  Marine  
  162  18:19  Battlecruiser  
  135  18:24  SCV x3  
  124  18:34  Missile Turret x2  
  124  18:35  Missile Turret  
  124  18:36  SCV  
  124  18:39  Missile Turret  
  124  18:40  Missile Turret  
  131  18:48  Starport  
  131  18:49  Starport  
  131  18:51  Starport  
  136  19:33  Command Center  
Show
View Real Time Build Order
Export as new Build Order

qqq Zerg 

Build Orders: Hatch First, Swarm Host 

Get SALT Encoding   

  12  0:00  Drone  
  13  0:10  Drone  
  14  0:34  Hatchery  
  13  0:38  Drone  
  14  0:55  Spawning Pool  
  13  1:02  Overlord  
  13  1:06  Drone  
  13  1:11  Extractor  
  13  1:13  Drone  
  14  1:21  Drone  
  15  1:39  Drone x2  
  17  1:48  Zergling x2  
  17  1:49  Zergling x2  
  19  1:56  Queen, Zergling x2  
  19  1:58  Zergling x2  
  23  2:07  Zergling x2  
  23  2:08  Zergling x2  
  25  2:19  Zergling x2  
  25  2:21  Drone  
  27  2:31  Metabolic Boost  
  27  2:32  Overlord  
  27  2:44  Drone  
  28  2:45  Overlord  
  28  2:54  Drone x2  
  28  2:56  Queen  
  32  3:04  Zergling x4  
  34  3:12  Zergling x2  
  35  3:13  Drone  
  35  3:14  Drone  
  30  3:43  Drone x2  
  30  3:44  Drone  
  30  3:45  Drone, Roach Warren, Lair  
  30  3:46  Drone  
  30  3:48  Drone  
  35  3:53  Extractor  
  33  4:02  Drone x2  
  34  4:03  Baneling Nest  
  34  4:04  Drone  
  34  4:07  Zergling x2  
  34  4:16  Zergling x2  
  35  4:19  Drone  
  35  4:21  Drone  
  37  4:24  Roach x2  
  37  4:25  Roach  
  43  4:33  Overlord  
  43  4:38  Overlord  
  43  4:43  Glial Reconstitution  
  43  4:57  Roach x2  
  43  4:58  Roach x3  
  43  4:59  Roach  
  55  5:00  Drone  
  55  5:02  Baneling x2  
  55  5:03  Baneling  
  56  5:09  Roach  
  56  5:10  Drone  
  56  5:11  Drone  
  60  5:27  Overlord  
  60  5:28  Overlord x3  
  60  5:47  Overlord  
  60  5:48  Drone  
  60  5:49  Drone x2  
  63  5:51  Drone  
  63  5:55  Roach  
  63  5:56  Hatchery, Drone  
  66  5:58  Drone  
  67  6:09  Roach x2  
  67  6:10  Drone x2, Roach  
  75  6:12  Drone  
  76  6:33  Drone x3  
  76  6:37  Extractor  
  76  6:39  Extractor, Drone  
  78  6:42  Roach x3  
  84  6:50  Hydralisk Den  
  84  6:54  Infestation Pit  
  81  6:57  Drone x3, Nydus Network  
  83  7:14  Drone  
  84  7:19  Hydralisk  
  84  7:20  Hydralisk  
  88  7:26  Drone  
  88  7:27  Queen  
  88  7:29  Swarm Host x2  
  91  7:33  Swarm Host  
  100  7:39  Hatchery  
  100  7:41  Muscular Augments  
  100  7:43  Drone x2  
  101  7:45  Hydralisk  
  101  7:48  Swarm Host  
  106  7:54  Hatchery  
  105  7:59  Overlord  
  105  8:00  Overlord x2  
  105  8:16  Overlord  
  105  8:21  Evolution Chamber  
  106  8:27  Drone x3  
  107  8:38  Nydus Canal, Swarm Host x5  
  107  8:39  Swarm Host  
  107  8:41  Hydralisk  
  125  8:42  Drone  
  129  8:51  Hydralisk x2  
  133  9:00  Zerg Missile Weapons Level 1  
  133  9:01  Drone x3  
  135  9:32  Hatchery  
  133  9:39  Extractor  
  133  9:41  Extractor  
  133  9:44  Nydus Canal  
  131  9:47  Drone x3  
  131  9:49  Hydralisk  
  131  9:51  Overlord x5  
  136  9:57  Hatchery  
  136  9:59  Nydus Canal  
  135  10:04  Overlord x2  
  135  10:05  Drone, Overlord x2  
  136  10:11  Drone x3  
  136  10:13  Hydralisk x2  
  143  10:21  Zergling x2  
  144  10:38  Swarm Host  
  144  10:39  Swarm Host x3  
  156  11:09  Hydralisk x6  
  156  11:10  Drone  
  156  11:11  Drone x7  
  176  11:27  Nydus Canal  
  176  11:30  Hydralisk x4  
  184  11:37  Hydralisk  
  184  11:38  Drone x2  
  184  11:39  Drone x4, Zerg Missile Weapons Level 2  
  190  11:55  Swarm Host x2  
  190  11:56  Hydralisk  
  190  11:58  Drone  
  199  12:06  Hive  
  178  12:45  Hydralisk x3  
  178  12:46  Hydralisk x6  
  196  12:51  Evolution Chamber  
  196  12:52  Grooved Spines  
  190  13:07  Extractor  
  190  13:08  Extractor  
  188  13:18  Drone x3  
  191  13:25  Hydralisk x4  
  199  13:47  Nydus Canal  
  199  13:56  Zerg Ground Armor Level 1  
  155  14:29  Hydralisk x6  
  155  14:30  Hydralisk x3  
  157  14:31  Drone  
  157  14:32  Drone x5  
  157  14:34  Extractor  
  157  14:35  Extractor  
  135  14:45  Zerg Missile Weapons Level 3  
  135  14:51  Hydralisk x2  
  135  14:52  Swarm Host x4  
  151  15:10  Overseer  
  151  15:12  Pneumatized Carapace  
  151  15:15  Hydralisk x4  
  151  15:16  Hydralisk, Swarm Host x3  
  170  15:24  Nydus Canal  
  170  15:49  Hydralisk x8  
  178  15:50  Hydralisk x6, Zerg Melee Weapons Level 1  
  196  16:20  Spine Crawler  
  196  16:22  Spore Crawler  
  196  16:23  Spine Crawler  
  196  16:24  Nydus Canal  
  193  16:29  Hydralisk x3  
  141  17:10  Hydralisk x3  
  141  17:11  Hydralisk x6  
  141  17:12  Hydralisk x16  
  165  17:18  Ultralisk Cavern  
  144  17:22  Hydralisk  
  144  17:23  Hydralisk x3  
  144  17:24  Drone x2  
  144  17:26  Roach x4  
  144  17:27  Zergling x4  
  144  17:28  Zergling x2  
  132  17:59  Zergling x4  
  132  18:00  Zergling x16  
  110  18:21  Hydralisk x7  
  112  18:43  Hatchery, Ultralisk x3  
  112  18:44  Zergling x12  
  135  18:57  Hydralisk  
  135  18:58  Hydralisk x4  
Show
View Real Time Build Order
Export as new Build Order

Massa Terran 

Build Orders: Reaper Expand 

Get SALT Encoding   

  12  0:00  SCV  
  13  0:12  SCV  
  14  0:18  Supply Depot  
  14  0:24  SCV  
  15  0:39  SCV  
  15  0:40  Barracks  
  16  0:46  Refinery  
  16  0:51  SCV  
  17  1:03  SCV  
  18  1:16  SCV  
  19  1:28  Orbital Command  
  19  1:31  Reaper  
  20  1:41  Command Center  
  20  1:50  Supply Depot  
  20  1:54  SCV  
  21  2:03  Marine  
  22  2:08  SCV  
  23  3:03  SCV  
  23  3:05  Orbital Command  
  24  3:15  SCV  
  25  3:20  Barracks  
  25  3:25  Engineering Bay  
  25  3:27  SCV  
  25  3:29  Factory  
  25  3:31  SCV  
  27  3:38  Refinery  
  27  3:40  SCV  
  28  3:43  SCV, Barracks  
  29  3:52  SCV  
  30  4:02  Marine  
  30  4:07  Bunker  
  30  4:09  Barracks, Marine  
  31  4:12  Terran Infantry Weapons Level 1  
  31  4:17  Factory  
  31  4:20  Marine  
  31  4:21  Starport  
  30  4:38  Marine  
  23  4:53  Hellion  
  23  4:55  Marine  
  25  5:13  Marine  
  26  5:14  Hellion  
  26  5:15  SCV x2  
  26  5:20  Marine x3  
  33  5:27  SCV  
  34  5:30  Factory Tech Lab  
  34  5:34  Medivac  
  37  5:38  Marine x2  
  37  5:39  Hellion  
  37  5:40  Marine  
  42  5:46  Barracks Tech Lab  
  41  5:50  Missile Turret  
  41  5:53  Missile Turret  
  41  5:55  Marine  
  41  5:56  Marine, Missile Turret  
  43  5:59  Siege Tank  
  46  6:06  Terran Infantry Armor Level 1  
  46  6:10  Supply Depot  
  46  6:11  Supply Depot  
  46  6:14  Factory Tech Lab  
  46  6:16  Barracks Tech Lab  
  46  6:23  Barracks Reactor  
  46  6:29  Barracks Tech Lab  
  46  6:30  Refinery  
  46  6:31  SCV x2  
  46  6:32  Refinery  
  48  6:33  Supply Depot  
  48  6:36  Supply Depot  
  48  6:41  Stimpack  
  48  6:43  SCV x2  
  48  6:44  Marauder x2  
  54  6:47  Marauder  
  56  6:56  SCV x2  
  56  6:58  Supply Depot  
  58  7:03  Missile Turret  
  58  7:04  Siege Tank  
  58  7:05  Marine  
  58  7:08  SCV x2, Marine  
  65  7:12  Marauder  
  65  7:14  Widow Mine  
  65  7:15  Marine x2  
  69  7:22  Marine, Missile Turret  
  71  7:26  Marauder  
  71  7:27  SCV, Missile Turret  
  71  7:29  SCV  
  76  7:36  Widow Mine  
  78  7:39  SCV  
  78  7:40  Marine, Viking  
  78  7:41  SCV  
  83  7:47  Supply Depot  
  83  7:51  Supply Depot  
  83  7:58  Marine x2  
  83  8:01  Combat Shield  
  83  8:04  Concussive Shells  
  85  8:14  Widow Mine  
  85  8:16  Marine x2  
  89  8:21  Command Center  
  85  8:35  Widow Mine  
  87  8:52  Marauder  
  87  8:53  Marauder x2, Marine x2  
  87  8:55  Siege Tank  
  98  8:56  Siege Tank  
  101  9:10  Marine  
  102  9:24  Supply Depot  
  102  9:25  Supply Depot  
  102  9:26  Supply Depot  
  102  9:29  Supply Depot  
  102  9:33  SCV x2, Marauder, Marine x2, Medivac  
  111  9:41  Orbital Command  
  111  9:45  SCV  
  111  9:46  Supply Depot  
  111  9:49  Marauder, Marine  
  111  9:50  Supply Depot  
  111  9:51  Marauder, Marine  
  117  9:55  Marauder  
  119  10:03  Medivac  
  119  10:07  Marine  
  122  10:23  Sensor Tower  
  122  10:29  Marine x4  
  122  10:30  Marine  
  127  10:35  Starport Reactor  
  127  10:38  Siege Tank x2  
  127  10:40  Orbital Command  
  132  10:47  Marine x5  
  128  11:04  Marine  
  128  11:05  Marauder, Marine x2  
  128  11:06  Marauder  
  128  11:10  Siege Tank x2  
  141  11:18  SCV x3  
  144  11:24  Marauder  
  146  11:30  SCV x3  
  149  11:36  Missile Turret  
  143  11:55  Marauder x3  
  143  11:56  Marine  
  150  12:08  SCV x2  
  130  12:16  Marauder x2  
  130  12:17  Marauder  
  130  12:20  SCV x2  
  123  12:32  SCV x2  
  120  12:38  Marauder  
  120  12:43  Marauder x2, Marine x2  
  126  12:45  Orbital Command  
  126  12:46  SCV x2  
  128  12:58  SCV x2  
  128  12:59  Marauder  
  128  13:01  Marine x2  
  128  13:04  Marauder  
  128  13:05  Marauder  
  138  13:10  SCV  
  139  13:14  Medivac x2  
  139  13:16  SCV x2  
  139  13:18  Marine  
  139  13:19  Marine  
  147  13:21  Marauder  
  147  13:22  SCV  
  147  13:25  Marine  
  147  13:26  Marauder  
  150  13:28  SCV x2  
  145  13:35  SCV  
  145  13:40  SCV x2  
  141  13:44  Medivac x2  
  141  13:47  SCV  
  142  13:52  SCV  
  142  13:54  Armory x2, Engineering Bay  
  143  13:56  Hi-Sec Auto Tracking  
  133  14:19  Marauder x3, Marine x2  
  133  14:23  Refinery  
  141  14:25  Refinery  
  141  14:37  Marine x2  
  141  14:38  Command Center  
  143  14:40  Marauder x2, Marine  
  148  14:51  Starport  
  148  14:53  Starport  
  148  14:54  Marine  
  148  14:58  Marauder  
  151  15:11  Marauder, Marine x2  
  151  15:12  Marine  
  151  15:13  Thor  
  162  15:19  Marine  
  160  15:28  Thor  
  160  15:29  Marine x2  
  155  15:49  Marauder, Marine x4  
  161  15:56  Thor  
  167  16:13  Command Center, Missile Turret  
  167  16:14  Missile Turret  
  167  16:16  Sensor Tower  
  167  16:17  Missile Turret  
  167  16:18  Missile Turret  
  167  16:22  Supply Depot x2  
  167  16:23  Supply Depot x2  
  167  16:24  Supply Depot x2  
  167  16:26  Supply Depot  
  167  16:27  Supply Depot  
  167  16:34  Starport Tech Lab x2  
  167  16:36  Missile Turret  
  167  16:43  Marine x4, Thor  
  167  16:44  Marauder  
  167  16:46  Supply Depot  
  179  16:47  Supply Depot  
  179  16:49  Supply Depot  
  179  16:53  Supply Depot  
  92  17:12  Marauder x3, Marine  
  92  17:13  Marine  
  81  17:21  Medivac  
  69  17:30  Marine  
  69  17:31  Marine  
  69  17:33  Marauder x2  
  69  17:34  Marauder  
  76  17:48  Marine x2  
  78  17:55  Marauder x3  
  82  18:16  Marauder x2  
  82  18:19  Marauder, Marine x2  
  90  18:25  Orbital Command  
  90  18:36  Marine x2  
  90  18:37  SCV x2, Marauder  
  96  18:49  SCV x2  
  48  19:10  Marauder x2  
  48  19:11  Marauder  
  48  19:12  Marine  
Tags
 
Add a new tag
Caveats
  • Supply blocks, unpowered buildings, or Contaminate may cause inaccurate times.
  • Supply counts are checked every 10 seconds.